 Dungeon Crawl Stone Soup version 0.30-a0-6-g7c9e10e132 (webtiles) character file.

Game seed: 11620825405259252477

48 Zeldest the Conjurer (level 3, 0/33 HPs)
             Began as a Troll Conjurer on Aug 22, 2022.
             Slain by a gnoll bouda
             ... wielding a +0 whip
              (5 damage)
             ... on level 3 of the Dungeon.
             The game lasted 00:04:20 (741 turns).

Zeldest the Conjurer (Troll Conjurer)                Turns: 741, Time: 00:04:21

Health: 0/33       AC:  8    Str: 15    XL:     3   Next: 50%
Magic:  1/4        EV:  9    Int: 16    God:
Gold:   63         SH:  0    Dex:  8    Spells: 4/5 levels left

rFire   + . .      SeeInvis .      - Unarmed
rCold   + + .      Faith    .    (no shield)
rNeg    . . .      Spirit   .    a - +0 robe
rPois   +          Reflect  .    (helmet restricted)
rElec   +          Harm     .    (no cloak)
rCorr   +          Rampage  .    (gloves unavailable)
Will    .....                    (boots unavailable)
Stlth   +.........               (no amulet)
HPRegen 0.91/turn                f - ring of protection from cold
MPRegen 0.09/turn                i - +4 ring of protection

@: resistant, hasted, very quick
A: large, unfitting armour, claws 3, regeneration 1, shaggy fur 1, tough skin 1
a: no special abilities


You were on level 3 of the Dungeon.
You visited 1 branch of the dungeon, and saw 3 of its levels.

You collected 63 gold pieces.

Inventory:

Hand Weapons
 l - a +1 hand axe of flaming
Missiles
 e - 5 javelins
 j - 4 poisoned darts
Armour
 a - a +0 robe (worn)
Jewellery
 f - a ring of protection from cold (left claw)
 i - a +4 ring of protection (right claw)
Scrolls
 d - a scroll of identify
 h - a scroll of magic mapping
Potions
 b - a potion of magic
 c - a potion of resistance
 g - a potion of haste
 k - a potion of mutation {unknown}


   Skills:
 + Level 1.3 Fighting
 - Level 1.5 Dodging
 - Level 1.0 Stealth
 + Level 1.6 Unarmed Combat
 + Level 1.7 Spellcasting
 - Level 2.9 Conjurations


You had 4 spell levels left.
You knew the following spells:

 Your Spells              Type           Power      Damage    Failure   Level
a - Magic Dart            Conj           40%        1d5       6%          1

Your spell library contained the following spells:

 Spells                   Type           Power      Damage    Failure   Level
 Searing Ray              Conj           20%        2d5       10%         2
 Dazzling Flash           Conj/Hex       12%        N/A       34%         3
 Fulminant Prism          Conj/Hex       3%         3d6       75%         4
 Iskenderun's Mystic Bla  Conj/Tloc      6%         2d4       75%         4


Dungeon Overview and Level Annotations

Branches:
Dungeon (3/15)

Altars:

Annotations:
D:3 exclusion: gnoll


Innate Abilities, Weirdness & Mutations

You are too large for most types of armour.
You have claws for hands.
Your natural rate of healing is unusually fast.
You are covered in fur. (AC +1)
You have tough skin. (AC +1)


Message History

The gnoll bouda hits you with a +0 whip!
You scratch the gnoll bouda but do no damage.
The gnoll bouda hits you with a +0 whip.
You closely miss the gnoll bouda.
Your attacks no longer feel as feeble.
The gnoll bouda hits you but does no damage.
You scratch the gnoll bouda but do no damage.
The gnoll bouda hits you with a +0 whip.
You scratch the gnoll bouda.
The gnoll bouda is lightly wounded.
The gnoll bouda gazes fiercely through you!
You feel your attacks grow feeble.
The gnoll bouda hits you with a +0 whip.
You scratch the gnoll bouda but do no damage.
The gnoll bouda is lightly wounded.
The gnoll bouda misses you.
You scratch the gnoll bouda.
The gnoll bouda is lightly wounded.
The gnoll bouda hits you but does no damage.
You scratch the gnoll bouda but do no damage.
The gnoll bouda is lightly wounded.
The gnoll bouda hits you with a +0 whip.
You closely miss the gnoll bouda.
The gnoll bouda is lightly wounded.
The gnoll bouda hits you with a +0 whip.
As you read the scroll labelled KOGOESHRYUVIGI, it crumbles to dust.
It is a scroll of identify.
h - a scroll of magic mapping The gnoll bouda hits you with a +0 whip.
It was a potion of resistance.
You feel protected. The gnoll bouda closely misses you.
You scratch the gnoll bouda.
The gnoll bouda is lightly wounded.
Your attacks no longer feel as feeble.
The gnoll bouda hits you with a +0 whip!
* * * LOW HITPOINT WARNING * * *
It was a potion of haste.
You feel yourself speed up.
The gnoll bouda hits you with a +0 whip.
You die...

#.......................
...........####.#.......
..................#
#........######.#.###
##.#.###..# #...(.#
.....# ##.#####.....###
##.### #.............#
#.# #..###......#.# #)#
..##.#.@.).#.# #.#
..#.###g.### # ##.# ..#
##.... ...# ..# .###..#
#### #.. .# .# #. # .


You could see a gnoll bouda.

Vanquished Creatures
  A gnoll (D:3)
  2 endoplasms (D:2)
  3 giant cockroaches
  4 goblins
  6 hobgoblins
  3 quokkas
  3 ball pythons
  4 bats
  4 kobolds
  4 rats
34 creatures vanquished.

Vanquished Creatures (others)
  A plant (D:2)
1 creature vanquished.

Grand Total: 35 creatures vanquished

Notes
Turn   | Place    | Note
-------+----------+-------------------------------------------
     0 | D:1      | Zeldest the Troll Conjurer began the quest for the Orb.
     0 | D:1      | Reached XP level 1. HP: 16/16 MP: 1/1
    74 | D:1      | Reached XP level 2. HP: 26/26 MP: 3/3
   137 | D:2      | Reached skill level 1 in Unarmed Combat
   220 | D:2      | Reached skill level 1 in Fighting
   222 | D:1      | Found a faded altar of an unknown god.
   346 | D:2      | Reached XP level 3. HP: 33/33 MP: 4/4
   741 | D:3      | Slain by a gnoll bouda

Illustrated notes

Levels and vault maps discovered:
D:1:      minmay_arrival_arboretum_large, layout_rooms,
          shapermc_ecumenical_altar_mp_highgroup, st_stairs_12,
          chequers_serial_rivers_large_b
D:2:      layout_basic, basic_altar, serial_bayou_ford_a
D:3:      layout_loops_ring, old_standard_altar

Skill      XL: |  1  2 |
---------------+-------+-----
Unarmed Combat | 1 |  1.6
Fighting       | 1 |  1.3
Dodging        | |  1.5
Stealth        | |  1.0
Spellcasting   | |  1.7
Conjurations   | |  2.9

Action                   || total
-------------------------++-------
Melee: Unarmed           ||   131
 Cast: Magic Dart        ||     4
  Use: Potion            ||     2
       Scroll            ||     1
 Stab: Sleeping          ||     1
Armor: Robe              ||    61
Dodge: Dodged            ||    58

Table legend: (Time is in decaauts)
 A = Elapsed time spent in this place.
 B = Non-inter-level travel time spent in this place.
 C = Inter-level travel time spent in this place.
 D = Time resting spent in this place.
 E = Time spent auto-exploring this place.
 F = Levels seen in this place.
 G = Mean time per level.
                   A        B        C        D        E       F      G
               +--------+--------+--------+--------+--------+-----+--------+
         Total |    740 |    720 |     20 |      0 |      0 |   3 |  246.7 |
       Dungeon |    740 |    720 |     20 |      0 |      0 |   3 |  246.7 |
               +--------+--------+--------+--------+--------+-----+--------+

Top non-repeatable levels by time:
     D:2: 337 daAuts
     D:1: 218 daAuts
     D:3: 184 daAuts
